 Dungeon Crawl Stone Soup version 0.20.1-1-g8b1a95d (webtiles) character file.

273 Zedayar the Ruffian (level 6, -6/59 HPs)
             Began as a Troll Berserker on Sept 4, 2017.
             Was a Priest of Trog.
             Mangled by an ogre
             ... wielding a +0 giant club
              (22 damage)
             ... on level 4 of the Dungeon on Sept 6, 2017.
             The game lasted 00:10:50 (2840 turns).

Zedayar the Ruffian (Troll Berserker)               Turns: 2840, Time: 00:10:51

Health: -6/59      AC:  5    Str: 28    XL:     6   Next: 2%
Magic:  5/5        EV: 10    Int:  3    God:    Trog [***...]
Gold:   208        SH:  0    Dex:  9    Spells: 5/5 levels left

rFire    . . .     SeeInvis .     - Unarmed
rCold    . . .     Gourm    +   (no shield)
rNeg     . . .     Faith    .   a - +0 animal skin
rPois    .         Spirit   .   (helmet restricted)
rElec    .         Reflect  .   (no cloak)
rCorr    .         Harm     +   (gloves unavailable)
MR       .....                  (boots unavailable)
Stlth    +.........             o - amulet of harm
Regen    0.6/turn               (no ring)
MPRegen  0.1/turn               (no ring)

@: drained
A: unfitting armour, claws 3, fast metabolism 3, gourmand, regeneration 1,
shaggy fur 1, tough skin 2
a: Berserk, Trog's Hand, Burn Spellbooks, Renounce Religion


You were on level 4 of the Dungeon.
You worshipped Trog.
Trog was most pleased with you.
You were full.

You visited 1 branch of the dungeon, and saw 4 of its levels.

You collected 208 gold pieces.

Inventory:

Armour
 a - a +0 animal skin (worn)
Jewellery
 o - an amulet of harm (around neck)
 q - an uncursed amulet of the gourmand
Scrolls
 c - a scroll of fog {unknown}
 d - 4 scrolls of identify {unknown}
 e - 4 scrolls of magic mapping {unknown}
 f - a scroll of teleportation {unknown}
 l - 3 scrolls of blinking {unknown}
 s - a scroll of remove curse {unknown}
 t - a scroll of random uselessness {unknown}
Potions
 j - 2 potions of might {unknown}
 k - 2 potions of berserk rage {unknown}
 m - 2 potions of brilliance {unknown}
 r - 3 potions of curing {unknown}
 u - a potion of haste {unknown}
Books
 p - a book of Misfortune

   Spells                             Type                      Level
   a - Confusing Touch                Hexes                        1
   b - Confuse                        Hexes                        3
   c - Gell's Gravitas                Translocation                3
   d - Petrify                        Transmutation/Earth          4
   e - Metabolic Englaciation         Hexes/Ice                    5
   f - Yara's Violent Unravelling     Hexes/Transmutation          5
   Trog disapproves of the use of such an item.
Comestibles
 b - 4 bread rations
 g - 2 meat rations
 h - 2 royal jellies
 i - 5 fruits
 n - 9 chunks of flesh


   Skills:
 + Level 2.8(2.5) Fighting
 + Level 3.2(2.9) Dodging
 + Level 0.4(0.1) Stealth
 * Level 5.8(5.5) Unarmed Combat


You had 5 spell levels left.
You didn't know any spells.

Dungeon Overview and Level Annotations

Branches:
Dungeon (4/15)
 Temple: D:4-7

Altars:
Dithmenos
Elyvilon
Hepliaklqana
Makhleb
Qazlal
Trog
Uskayaw
Vehumet


Innate Abilities, Weirdness & Mutations

You are too large for most types of armour.
You have claws for hands.
Your metabolism is lightning-fast.
You like to eat raw meat.
Your natural rate of healing is unusually fast.
You are covered in fur. (AC +1)
You have very tough skin. (AC +2)


Message History

An ogre comes into view. It is wielding a giant club.
The ogre shouts!
The orc barely misses you. The orc closely misses you.
You scratch the orc.
The orc is heavily wounded.
The orc hits you but does no damage.
You claw the orc!
You kill the orc!
Trog accepts your kill. The ogre hits you with a giant club!!
The ogre hits you with a giant club!
* * * LOW HITPOINT WARNING * * *
Found a quarterstaff.
Things that are here:
a falchion; a ring mail; an orc corpse You claw the ogre!
The ogre is heavily wounded.
The ogre hits you with a giant club!!
You die...

.. #.#
#.#.# ...
#. #.#
#.#.#
#.##. #.#
#...#
.... ##(#
#..## #..
#..# ##.#
#..###.##
###
#...#..#
#....##
#.@.##
#...O##
##....
#...#..
#..#) ).#
#.##. #.#
#. ## .#
. .#


You could see an ogre.

Vanquished Creatures
  An orc priest (D:3)
  Jessica (D:2)
  3 worker ants (D:4)
  4 adders
  An ooze (D:3)
  A worm (D:3)
  2 dart slugs
  3 leopard geckos
  13 orcs
  3 ball pythons
  3 giant cockroaches
  5 goblins
  4 hobgoblins
  13 jackals
  8 kobolds
  2 quokkas
  8 bats
  5 frilled lizards
  5 rats
85 creatures vanquished.

Notes
Turn   | Place    | Note
-------+----------+-------------------------------------------
     0 | D:1      | Zedayar the Troll Berserker began the quest for the Orb.
     0 | D:1      | Reached XP level 1. HP: 22/22 MP: 0/0
   316 | D:1      | Reached XP level 2. HP: 28/29 MP: 1/1
  1029 | D:2      | Reached XP level 3. HP: 26/36 MP: 2/2
  1031 | D:2      | Reached ** piety under Trog
  1310 | D:2      | Reached skill level 4 in Unarmed Combat
  1719 | D:2      | Noticed Jessica
  1726 | D:2      | Killed Jessica
  1726 | D:2      | Reached XP level 4. HP: 33/44 MP: 3/3
  1880 | D:3      | Found a bloodstained altar of Trog.
  1938 | D:3      | Found a hazy altar of Hepliaklqana.
  1938 | D:3      | Found a radiant altar of Vehumet.
  1985 | D:3      | HP: 2/44 [orc priest/war axe (7)]
  1986 | D:3      | Reached XP level 5. HP: 2/50 MP: 4/4
  2058 | D:3      | Found a hide-covered altar of Uskayaw.
  2058 | D:3      | Found a shadowy altar of Dithmenos.
  2097 | D:3      | Reached skill level 5 in Unarmed Combat
  2186 | D:3      | Found a burning altar of Makhleb.
  2213 | D:3      | Reached *** piety under Trog
  2236 | D:3      | Found a white marble altar of Elyvilon.
  2326 | D:3      | Found a stormy altar of Qazlal.
  2793 | D:4      | Reached XP level 6. HP: 44/59 MP: 5/5
  2840 | D:4      | Mangled by an ogre

Skill      XL: |  1  2  3  4  5 |
---------------+----------------+-----
Unarmed Combat | 4 5 |  5.8
Dodging        | 3 |  3.2
Fighting       | |  2.8
Stealth        | |  0.4

Action                   |  1- 3 |  4- 6 || total
-------------------------+-------+-------++-------
Melee: Unarmed           |   109 |   111 ||   220
       Punch             |     2 |       ||     2
  Eat: Chunk             |    17 |     7 ||    24
       Bread ration      |     1 |       ||     1
Armor: Animal skin       |    41 |    26 ||    67
Dodge: Dodged            |    84 |    51 ||   135
